Map: Dusk Towers

Players

TheMercenarY - Winner!

  • Race: Zerg Zerg
  • League: Diamond

DarthRado

  • Race: Protoss Protoss
  • League: Platinum

VOD

Have the link to the VOD?

Description

Time

  • Played on: May 24, 2016, 7:51 p.m.
  • Length: 10:05
Show
View Real Time Build Order
Export as new Build Order

TheMercenarY Zerg - Winner!

Build Orders: Hatch First, Lurkers 

Get SALT Encoding   

  12  0:01  Drone  
  13  0:12  Overlord  
  13  0:17  Drone  
  14  0:30  Drone  
  14  0:31  Drone  
  16  0:35  Drone  
  17  0:54  Hatchery  
  17  0:56  Drone  
  17  1:11  Spawning Pool  
  17  1:14  Drone  
  17  1:16  Drone  
  18  1:20  Drone  
  18  1:24  Extractor  
  18  1:29  Overlord  
  18  1:39  Drone  
  19  1:50  Drone  
  20  1:58  Queen  
  20  2:01  Zergling x2  
  23  2:07  Zergling x2, Queen  
  26  2:10  Zergling x2  
  27  2:18  Drone  
  27  2:22  Drone  
  29  2:25  Metabolic Boost  
  29  2:31  Drone  
  29  2:34  Drone  
  31  2:37  Queen  
  31  2:40  Drone  
  31  2:44  Drone  
  35  2:50  Overlord  
  35  2:53  Drone  
  36  3:10  Drone  
  36  3:12  Drone  
  38  3:15  Hatchery  
  38  3:18  Spore Crawler  
  36  3:20  Spore Crawler  
  36  3:22  Drone  
  36  3:24  Drone  
  37  3:28  Drone  
  37  3:32  Overlord  
  38  3:37  Drone  
  38  3:38  Drone  
  38  3:41  Drone  
  41  3:43  Drone  
  42  3:48  Drone x2  
  42  3:53  Lair  
  44  3:56  Zergling x4  
  44  3:59  Zergling x2  
  44  4:00  Zergling x2  
  48  4:03  Drone  
  49  4:12  Extractor  
  49  4:13  Extractor  
  49  4:14  Drone x5  
  52  4:26  Overlord x3  
  52  4:38  Drone x5  
  57  4:40  Drone  
  57  4:44  Overlord x2  
  58  4:55  Hydralisk Den  
  58  4:57  Drone x5  
  58  4:58  Baneling Nest  
  61  5:00  Drone  
  61  5:01  Drone  
  61  5:03  Drone  
  61  5:04  Drone  
  65  5:12  Zergling x8  
  69  5:14  Zergling x2  
  69  5:19  Zergling x4  
  72  5:23  Zergling x8  
  70  5:31  Zergling x4  
  68  5:36  Drone x4  
  71  5:47  Spore Crawler  
  71  5:49  Hydralisk  
  68  5:50  Hydralisk x4  
  68  5:52  Hydralisk  
  68  5:55  Hydralisk  
  82  6:00  Overlord  
  82  6:01  Overlord  
  81  6:11  Overlord x2  
  78  6:21  Hydralisk x4  
  86  6:25  Lurker Den  
  86  6:28  Queen  
  86  6:29  Extractor  
  86  6:30  Hydralisk x2  
  91  6:33  Extractor  
  91  6:34  Extractor, Drone  
  91  6:35  Drone  
  91  6:37  Drone x2  
  93  6:41  Queen  
  93  6:46  Overlord  
  95  6:48  Evolution Chamber  
  95  6:50  Centrifical Hooks  
  85  7:10  Drone x6  
  85  7:13  Drone x2  
  85  7:15  Overlord x3  
  93  7:25  Spore Crawler, Zerg Missile Weapons Level 1  
  92  7:40  Drone x3  
  92  7:41  Evolution Chamber, Drone x2  
  96  7:44  Drone x2  
  96  7:46  Drone  
  96  7:48  Overseer  
  99  7:51  Hatchery  
  99  7:54  Muscular Augments  
  99  7:58  Hydralisk x2  
  98  8:02  Drone x3  
  105  8:07  Overlord  
  105  8:12  Lurker x5  
  110  8:13  Lurker  
  110  8:14  Lurker  
  110  8:15  Lurker  
  110  8:16  Lurker  
  110  8:17  Lurker  
  115  8:25  Hydralisk x2  
  119  8:30  Hydralisk  
  119  8:34  Hydralisk  
  121  8:38  Hydralisk x2  
  127  8:42  Hydralisk  
  127  8:44  Zergling x8  
  127  8:45  Zergling x4  
  135  8:50  Drone x4  
  135  8:51  Drone  
  135  8:53  Drone  
  135  8:55  Baneling x4  
  141  8:57  Hydralisk  
  141  8:59  Zergling x2  
  138  9:24  Hydralisk x4  
  138  9:25  Hydralisk  
  147  9:35  Hydralisk x2  
  151  9:39  Zergling x2  
Show
View Real Time Build Order
Export as new Build Order

DarthRado Protoss 

Build Orders: 1 Gate Expand, Phoenix Opening 

Get SALT Encoding   

  12  0:01  Probe (Chrono Boost)  
  13  0:11  Probe (Chrono Boost)  
  14  0:18  Pylon  
  14  0:22  Probe (Chrono Boost)  
  15  0:36  Probe (Chrono Boost)  
  15  0:41  Gateway  
  16  0:46  Probe (Chrono Boost)  
  16  0:47  Assimilator  
  18  0:57  Probe (Chrono Boost)  
  18  1:07  Probe (Chrono Boost)  
  19  1:24  Nexus  
  19  1:28  Probe (Chrono Boost)  
  20  1:38  Probe (Chrono Boost)  
  21  1:44  Cybernetics Core  
  21  1:48  Assimilator  
  21  1:54  Pylon  
  21  1:59  Probe (Chrono Boost)  
  22  2:10  Probe (Chrono Boost)  
  23  2:21  Adept  
  27  2:23  Mothership Core (Chrono Boost)  
  27  2:24  Warp Gate  
  27  2:41  Probe (Chrono Boost)  
  28  2:44  Probe (Chrono Boost)  
  28  2:51  Pylon  
  29  2:52  Probe (Chrono Boost)  
  29  2:55  Probe (Chrono Boost)  
  31  3:02  Probe (Chrono Boost)  
  31  3:06  Adept, Stargate  
  31  3:11  Probe (Chrono Boost)  
  34  3:13  Probe (Chrono Boost)  
  34  3:14  Gateway  
  35  3:21  Probe (Chrono Boost)  
  36  3:29  Probe (Chrono Boost)  
  36  3:32  Probe (Chrono Boost)  
  36  3:34  Adept  
  40  3:39  Probe (Chrono Boost)  
  41  3:42  Probe (Chrono Boost)  
  41  3:47  Gateway  
  42  3:49  Probe (Chrono Boost), Phoenix (Chrono Boost)  
  42  3:52  Probe  
  46  4:01  Adept x2, Probe  
  51  4:08  Assimilator  
  51  4:09  Assimilator  
  51  4:13  Phoenix (Chrono Boost)  
  53  4:19  Probe  
  54  4:24  Pylon  
  54  4:26  Pylon  
  54  4:41  Probe  
  54  4:42  Phoenix (Chrono Boost)  
  54  4:43  Adept x2  
  54  4:44  Adept  
  63  5:00  Probe  
  63  5:01  Probe  
  63  5:04  Phoenix (Chrono Boost)  
  63  5:06  Robotics Facility  
  67  5:09  Forge  
  57  5:36  Adept x3  
  59  5:50  Protoss Ground Weapons Level 1  
  59  5:53  Gateway, Immortal  
  63  6:01  Adept x3  
  69  6:24  Adept  
  69  6:28  Pylon  
  69  6:30  Pylon  
  69  6:31  Pylon  
  69  6:39  Nexus  
  69  6:41  Pylon  
  69  6:58  Adept  
  70  7:05  Adept x2, Probe  
  70  7:07  Probe  
  78  7:09  Immortal  
  78  7:14  Twilight Council  
  78  7:15  Forge  
  82  7:17  Gateway  
  82  7:18  Gateway  
  82  7:19  Probe  
  82  7:21  Probe  
  84  7:23  Adept  
  84  7:30  Probe  
  84  7:32  Assimilator  
  84  7:33  Adept x2, Probe  
  84  7:35  Assimilator  
  90  7:41  Probe, Protoss Ground Weapons Level 2 (Chrono Boost)  
  91  7:45  Probe  
  91  7:48  Observer  
  91  7:50  Resonating Glaives (Chrono Boost)  
  91  7:51  Protoss Ground Armor Level 1 (Chrono Boost)  
  93  7:53  Templar Archives  
  93  8:18  Psionic Storm  
  93  8:21  Pylon  
  93  8:23  Pylon  
  93  8:26  Pylon  
  93  8:27  Pylon  
  93  8:28  Pylon  
  93  8:30  Pylon  
  93  8:33  High Templar  
  95  8:35  High Templar  
  97  8:43  Probe x3  
  100  8:51  Immortal  
  100  8:55  Probe  
  105  9:07  Photon Cannon  
  105  9:09  Photon Cannon  
  104  9:11  Photon Cannon  
  83  9:30  Observer  
  78  9:36  Adept x5  
  78  9:37  Adept  
  78  9:59  Stalker x2  
  70  10:00  Stalker x3  
Tags
 
Add a new tag
Caveats
  • Supply blocks, unpowered buildings, or Contaminate may cause inaccurate times.
  • Supply counts are checked every 10 seconds.